 Dungeon Sprint DCSS version 0.32-a0-683-ge26c5dbc97 (webtiles) character file.

Game seed: 17482766781954112582

12756 Revguard the Fetichist (level 11, -3/97 HPs)
             Began as a Coglin Monk on Mar 12, 2024.
             Was the Champion of Wu Jian.
             Slain by a death scarab (18 damage)
             ... summoned by a royal mummy
             ... in the Dungeon (Sprint V: "Ziggurat Sprint").
             The game lasted 00:08:22 (815 turns).

Revguard the Fetichist (Coglin Monk)                 Turns: 815, Time: 00:08:23

Health: -3/97      AC: 25    Str: 12    XL:     11   Next: 98%
Magic:  11/11      EV: 20    Int: 13    God:    Wu Jian [******]
Gold:   0          SH:  0    Dex: 20    Spells: 10/10 levels left

rFire   . . .        y - +6 long sword of Action {flame, rC+ Int+3}
rCold   . . .        v - +11 Screaming Sword {sonic wave}
rNeg    . . .        n - +5 shadow dragon scales
rPois   .            (no helmet)
rElec   .            D - +2 cloak {Stlth+}
rCorr   .            (no gloves)
SInv    .            (no boots)
Will    .....        (amulet unavailable)
Stlth   +++          (ring unavailable)
HPRegen 0.36/turn    (ring unavailable)
MPRegen 0.12/turn    (no gizmo)

%: no teleportation
@: exhausted, in a heavenly storm, glowing, studying Armour, revved
A: off-hand wielding, slow wielding, warmup strikes, no jewellery, cold
vulnerability 1
a: Invent Gizmo, Renounce Religion, Wall Jump, Serpent's Lash, Heavenly Storm


You were in the Dungeon.
You worshipped Wu Jian.
Wu Jian was exalted by your worship.
You visited 1 branch

Inventory:

Hand Weapons
 a - a +0 falchion {Oskar}
 v - the +11 Screaming Sword (offhand) {sonic wave}
   (You found it in the Dungeon)
 w - a +5 dagger {Surjit}
 y - the +6 long sword of Action (weapon) {flame, rC+ Int+3}
   (You found it in the Dungeon)

   Int+3:     It affects your intelligence (+3).
   rC+:       It protects you from cold.
Armour
 b - a +0 robe
 d - an orb of light
 n - +5 shadow dragon scales (worn)
 x - +5 gold dragon scales
 D - a +2 cloak of stealth (worn)
Wands
 t - a wand of mindburst (6)
 u - a wand of quicksilver (7)
 A - a wand of digging (23)
 B - a wand of flame (20)
 C - a wand of polymorph (7)
 E - a wand of warping (7)
Scrolls
 j - 4 scrolls of blinking
 p - 4 scrolls of amnesia
 q - 7 scrolls of fog
 r - 5 scrolls of identify
 s - 2 scrolls of fear
Potions
 c - a potion of ambrosia
 e - 10 potions of curing
 f - 10 potions of heal wounds
 g - 6 potions of haste
 h - 7 potions of magic
 i - 3 potions of berserk rage
 k - 2 potions of brilliance
 l - 2 potions of invisibility
 m - 4 potions of resistance
 o - 5 potions of might
Miscellaneous
 z - a phantom mirror


   Skills:
 + Level 12.8 Fighting
 + Level 12.8 Long Blades
 + Level 12.1 Armour
 + Level 11.8 Dodging
 + Level 10.8 Stealth
 + Level 15.4 Evocations


You had 10 spell levels left.
You didn't know any spells.
Your spell library contained the following spells:

 Spells                   Type           Power      Damage    Failure   Level
 Kiss of Death            Conj/Necr      0%         2d5       99%         1
 Magic Dart               Conj           0%         1d3       99%         1
 Jinxbite                 Hex            0%         N/A       100%        2
 Mercury Vapours          Alch/Air       0%         N/A       100%        2
 Momentum Strike          Conj/Tloc      0%         3d8       100%        2
 Searing Ray              Conj           0%         2d4       100%        2
 Confusing Touch          Hex            0%         N/A       100%        3
 Dispel Undead            Necr           0%         3d6       100%        4
 Fulminant Prism          Conj/Alch      0%         3d5       100%        4
 Summon Blazeheart Golem  Fire/Summ      0%         N/A       100%        4
 Borgnjor's Vile Clutch   Necr/Erth      0%         N/A       100%        5
 Yara's Violent Unravell  Hex/Alch       0%         3d3       100%        5
 Conjure Ball Lightning   Conj/Air       0%         3x3d6     100%        6
 Plasma Beam              Fire/Air       0%         2x1d10    100%        6
 Enfeeble                 Hex            0%         N/A       100%        7
 Orb of Destruction       Conj           0%         9d5       100%        7
 Spellforged Servitor     Conj/Summ      0%         N/A       100%        7


Dungeon Overview and Level Annotations

Branches:
Dungeon (1/1)

Altars:
Ashenzari
Cheibriados
Dithmenos
Elyvilon
Fedhas
Gozag
Hepliaklqana
Kikubaaqudgha
Makhleb
Nemelex Xobeh
Okawaru
Qazlal
Ru
Sif Muna
Trog
Uskayaw
Vehumet
Wu Jian
Xom
Yredelemnul
Zin
The Shining One
Beogh
Jiyva
Lugonu

Annotations:
D 1 transporter


Innate Abilities, Weirdness & Mutations

You can wield a second weapon in your off-hand.
It takes a long time for you to wield or remove held weapons.
Your first few attacks do less damage.
You cannot equip rings or amulets.
You are vulnerable to cold. (rC-)


Message History

You feel extremely nervous for a moment...
Pain shoots through your body!
Your supernatural speed expires.
You spin and attack the death scarab.
You slash the death scarab with the +6 long sword of Action!
You burn the death scarab.
The death scarab is heavily damaged.
You slice the death scarab with the +11 Screaming Sword!!
You destroy the death scarab!
The Council accepts your kill.
You spin and attack the mummy priest.
You slash the mummy priest with the +6 long sword of Action!
You burn the mummy priest.
The mummy priest is almost destroyed.
You hit the mummy priest with the +11 Screaming Sword.
The Screaming Sword yells, "COME TO ME!
COME TO ME AND DIE!"
You send a blast of sound all around you.
The royal mummy is lightly damaged.
You destroy the mummy priest!
The Council accepts your kill.
The guardian mummy is heavily damaged.
You feel extremely nervous for a moment...
Pain shoots through your body!!
* * * LOW HITPOINT WARNING * * *
The royal mummy gestures wildly while chanting.
Your Armour skill increases to level 12!
You spin and attack the guardian mummy.
You slash the guardian mummy with the +6 long sword of Action!
You burn the guardian mummy.
The guardian mummy is almost destroyed.
You slash the guardian mummy with the +11 Screaming Sword!
The Screaming Sword bellows, "KILL, HATE, MUTILATE!"
You send a blast of sound all around you.
The death scarab is lightly damaged.
The royal mummy is moderately damaged.
You destroy the guardian mummy!
The Council accepts your kill.
You feel extremely nervous for a moment...
You hear strange and distant voices.
The death scarab misses you. The royal mummy barely misses you.
The death scarab bites you!!
You die...

▓.........▓.......▓
▓.........▓.▓...▓.▓
▓....©....▓...©...▓
▓▓▓▓▓▓▓▓▓▓▓▓▓▓▓▓▓▓▓▓▓
▓...ß©ß...▓...ß©ß...▓
▓..§☼§☼☼..▓..=..[)..▓
▓.§§☼☼☼☼..▓...).))..▓
▓.☼MB☼☼§..▓.........▓
▓.☼B@§○☼..▓.........▓
▓.☼○§☼☼☼..▓.........▓
▓.☼§☼§○...▓.........▓
▓.........▓.▓.....▓.▓
▓.▓.....▓.▓....©....▓
▓....©....▓▓▓▓▓▓▓▓▓▓▓
▓▓▓▓▓▓▓▓▓▓▓


You could see a royal mummy and 2 death scarabs.

Vanquished Creatures
  A tentacled starspawn (D)
  A mummy priest (D)
  3 dancing weapons (D)
  A death scarab (D)
  A deep elf archer (D)
  5 deep elf pyromancers (D)
  2 starcursed masses (D)
  A deep elf zephyrmancer (D)
  A shining eye (D)
  4 draconians (D)
  A black mamba (D)
  An eye of devastation (D)
  A naga mage (D)
  4 guardian mummies (D)
  3 glass eyes (D)
  A water elemental (D)
  A chaos spawn (D)
  A naga (D)
  A water moccasin (D)
  3 jellies (D)
  A quasit (D)
  4 orc priests (D)
  2 orc wizards (D)
  3 mummies (D)
  4 adders (D)
  3 shadow imps (D)
  2 white imps (D)
  An orc (D)
  An endoplasm (D)
  5 ball pythons (D)
  A starspawn tentacle (D)
64 creatures vanquished.

Vanquished Creatures (others)
  An adder (D)
  A starspawn tentacle (D)
2 creatures vanquished.

Grand Total: 66 creatures vanquished

Notes
Turn   | Place    | Note
-------+----------+-------------------------------------------
     0 | D        | Revguard the Coglin Monk began the quest for the Orb.
     0 | D        | Reached XP level 1. HP: 18/18 MP: 1/1
     0 | D        | Found a shimmering blue altar of Sif Muna.
     0 | D        | Found a bloodstained altar of Trog.
     0 | D        | Found a sacrificial altar of Ru.
     0 | D        | Found a stormy altar of Qazlal.
     0 | D        | Found an iron altar of Okawaru.
     1 | D        | Found a sparkling altar of Nemelex Xobeh.
     1 | D        | Found a blossoming altar of Fedhas.
     1 | D        | Found the +6 Majin-Bo {spellvamp, MP+6 Int+6}
     1 | D        | Found the +27 heavy crossbow "Sniper" {heavy, Acc+∞ SInv}
     1 | D        | Found the +10 dark maul {heavy}
     1 | D        | Found the +15 Maxwell's patent armour {-Cast -Tele rElec
                  | Will+ rCorr}
     1 | D        | Found the +18 shield of the Gong {Loud rN+ Will+ rCorr
                  | EV-5}
     1 | D        | Found the +16 obsidian axe {drain, demonic, Mesm ^Drain Fly
                  | SInv}
     1 | D        | Found the +7 great mace "Firestarter" {flame, immolate,
                  | rFlCloud rF++}
     1 | D        | Found the +6 shillelagh "Devastator" {shatter}
     1 | D        | Found the +11 plutonium sword {^Contam Stlth-}
     1 | D        | Found the +8 lance "Wyrmbane" {slay drac, rPois rF+ rC+
                  | AC+3}
     1 | D        | Found the +9 sword of Zonguldrok {reap}
     1 | D        | Found the +13 scythe of Curses {drain, curses, ^Drain}
     1 | D        | Found the +9 sword of Power {lifebolt}
     1 | D        | Found the +7 mace of Variability {chaos, chaos arc}
     1 | D        | Found the +11 Singing Sword {sonic wave}
     1 | D        | Found the +8 storm bow {elec, penet}
     3 | D        | Found a transporter.
     3 | D        | Found an ancient bone altar of Kikubaaqudgha.
     3 | D        | Found a viscous altar of Jiyva.
     3 | D        | Found a corrupted altar of Lugonu.
     3 | D        | Found a hazy altar of Hepliaklqana.
     3 | D        | Found a burning altar of Makhleb.
     3 | D        | Found an opulent altar of Gozag.
    88 | D        | Became a worshipper of the Wu Jian Council
    88 | D        | Reached * piety under Wu Jian
    88 | D        | Reached ** piety under Wu Jian
    97 | D        | Reached skill level 3 in Evocations
    97 | D        | Reached XP level 2. HP: 25/25 MP: 2/2
   122 | D        | Entered arena 2.
   122 | D        | Found a transporter.
   133 | D        | Entered arena 3.
   133 | D        | Found a transporter.
   137 | D        | Reached XP level 3. HP: 31/31 MP: 3/3
   137 | D        | Reached *** piety under Wu Jian
   138 | D        | Reached skill level 1 in Stealth
   138 | D        | Reached skill level 4 in Evocations
   140 | D        | Got the +6 long sword of Action {flame, rC+ Int+3}
   155 | D        | Entered arena 4.
   155 | D        | Noticed a naga
   155 | D        | Noticed a water moccasin
   155 | D        | Found a transporter.
   158 | D        | Killed a water moccasin
   158 | D        | Reached **** piety under Wu Jian
   159 | D        | Reached skill level 5 in Fighting
   159 | D        | Reached skill level 5 in Long Blades
   159 | D        | Reached skill level 5 in Armour
   159 | D        | Reached skill level 5 in Dodging
   159 | D        | Reached skill level 5 in Evocations
   159 | D        | Reached XP level 4. HP: 33/39 MP: 4/4
   159 | D        | Reached XP level 5. HP: 38/45 MP: 5/5
   161 | D        | Killed a naga
   162 | D        | Reached skill level 6 in Evocations
   162 | D        | Reached XP level 6. HP: 18/52 MP: 6/6
   312 | D        | Entered arena 5.
   312 | D        | Noticed a draconian
   312 | D        | Noticed a draconian
   312 | D        | Noticed a draconian
   312 | D        | Noticed a draconian
   312 | D        | Found a transporter.
   318 | D        | Killed a draconian
   318 | D        | Killed a draconian
   318 | D        | Killed a draconian
   319 | D        | Reached skill level 9 in Evocations
   319 | D        | Reached XP level 7. HP: 48/63 MP: 7/7
   319 | D        | Reached XP level 8. HP: 52/69 MP: 8/8
   321 | D        | Killed a draconian
   322 | D        | Reached skill level 10 in Evocations
   322 | D        | Reached XP level 9. HP: 58/75 MP: 9/9
   326 | D        | Got Nuckung's Incunable of the Salvo
   376 | D        | Entered arena 6.
   376 | D        | Found the amulet of the Four Winds {rN+ Will+++ Clar}
   376 | D        | Found the +9 staff of Olgreb {rPois∞}
   376 | D        | Noticed a deep elf archer
   376 | D        | Noticed a +6 trident of distortion
   376 | D        | Noticed a deep elf pyromancer
   376 | D        | Noticed a deep elf pyromancer
   376 | D        | Found a transporter.
   378 | D        | Killed a +6 trident of distortion
   378 | D        | Reached skill level 11 in Evocations
   379 | D        | Reached ***** piety under Wu Jian
   379 | D        | Killed a deep elf archer
   379 | D        | Killed a deep elf pyromancer
   379 | D        | Killed a deep elf pyromancer
   380 | D        | Reached skill level 10 in Fighting
   380 | D        | Reached skill level 10 in Long Blades
   380 | D        | Reached skill level 12 in Evocations
   380 | D        | Reached XP level 10. HP: 61/86 MP: 10/10
   453 | D        | Entered arena 7.
   453 | D        | Noticed a starcursed mass
   453 | D        | Noticed a tentacled starspawn
   454 | D        | Found a transporter.
   458 | D        | Killed a tentacled starspawn
   460 | D        | Killed a starcursed mass
   460 | D        | Killed a starcursed mass
   461 | D        | Reached skill level 10 in Armour
   461 | D        | Reached skill level 10 in Dodging
   461 | D        | Reached skill level 13 in Evocations
   590 | D        | Entered arena 8.
   590 | D        | Noticed a deep elf pyromancer
   590 | D        | Noticed a +1 short sword of holy wrath
   590 | D        | Noticed a +2 mace of holy wrath
   590 | D        | Noticed a deep elf zephyrmancer
   590 | D        | Noticed a deep elf pyromancer
   590 | D        | Noticed a deep elf pyromancer
   591 | D        | Found a transporter.
   594 | D        | Killed a deep elf pyromancer
   594 | D        | Killed a +1 short sword of holy wrath
   594 | D        | Killed a +2 mace of holy wrath
   594 | D        | Reached XP level 11. HP: 93/95 MP: 11/11
   594 | D        | Killed a deep elf pyromancer
   594 | D        | Killed a deep elf zephyrmancer
   595 | D        | Reached skill level 14 in Evocations
   596 | D        | Killed a deep elf pyromancer
   596 | D        | Reached ****** piety under Wu Jian
   598 | D        | Got Vaosirra's Elucidation of Shocking Debased Acts
   637 | D        | Entered arena 9.
   637 | D        | Found the +3 hat of Pondering {ponderous, Will+ MP+10
                  | Int+5}
   638 | D        | Found a transporter.
   647 | D        | Reached skill level 10 in Stealth
   671 | D        | Entered arena 10.
   672 | D        | Found a transporter.
   787 | D        | Entered arena 11.
   787 | D        | Noticed a shining eye
   788 | D        | Found a transporter.
   789 | D        | Gained mutation: You are vulnerable to cold. (rC-) [a
                  | shining eye]
   793 | D        | Killed a shining eye
   808 | D        | Entered arena 12.
   808 | D        | Noticed a mummy priest
   809 | D        | Noticed a royal mummy
   809 | D        | Noticed a death scarab
   810 | D        | Found a transporter.
   813 | D        | Reached skill level 15 in Evocations
   814 | D        | Killed a death scarab
   814 | D        | Killed a mummy priest
   815 | D        | Noticed a death scarab
   815 | D        | Noticed a death scarab
   815 | D        | Slain by a death scarab

Illustrated notes

Levels and vault maps discovered:
D:        sprint_v [room_start, room_1, room_2, room_3, room_4, room_5, room_6,
          room_7, room_8, room_9, room_10, room_11, room_12, room_13, room_14,
          room_15, room_16, room_17, room_18, room_19, room_20, room_21,
          room_22, room_23, room_24, room_25, room_26, room_27]

Skill      XL: |  1  2  3  4  5  6  7  8  9 10 11 |
---------------+----------------------------------+-----
Fighting       | 4 5 6 8 10 11 12 | 12.8
Long Blades    | 4 5 6 8 10 11 12 | 12.8
Armour         | 3 5 7 8 9 10 12 | 12.1
Dodging        | 3 5 7 8 9 10 11 | 11.8
Evocations     | 3 5 6 9 10 12 13 15 | 15.4
Stealth        | 2 3 6 8 9 10 | 10.8

Action                     |  1- 3 |  4- 6 |  7- 9 | 10-12 || total
---------------------------+-------+-------+-------+-------++-------
  Melee: Double sword      |    10 |    11 |     7 |    44 ||    72
         Dagger            |     5 |       |       |       ||     5
         Long sword        |       |    10 |     3 |    42 ||    55
 Invoke: Serpent's Lash    |       |     1 |     1 |     3 ||     5
         Heavenly Storm    |       |       |       |     2 ||     2
Ability: Whirlwind         |     8 |    10 |     2 |    36 ||    56
         Lunge             |     1 |     1 |     3 |     9 ||    14
  Evoke: Wand              |       |     1 |       |       ||     1
         Phantom mirror    |       |       |     1 |       ||     1
    Use: Potion            |     1 |       |       |       ||     1
   Stab: Sleeping          |       |       |       |     1 ||     1
 Armour: Shadow dragon sca |     9 |    10 |     2 |    14 ||    35
  Dodge: Dodged            |     2 |     1 |     1 |     5 ||     9

Table legend: (Time is in decaauts)
 A = Elapsed time spent in this place.
 B = Non-inter-level travel time spent in this place.
 C = Inter-level travel time spent in this place.
 D = Time resting spent in this place.
 E = Time spent auto-exploring this place.
 F = Levels seen in this place.
 G = Mean time per level.
                   A        B        C        D        E       F      G
               +--------+--------+--------+--------+--------+-----+--------+
         Total |    814 |    814 |      0 |    493 |      0 |   1 |  814.0 |
       Dungeon |    814 |    814 |      0 |    493 |      0 |   1 |  814.0 |
               +--------+--------+--------+--------+--------+-----+--------+

Top non-repeatable levels by time:
       D: 814 daAuts
